 Dungeon Sprint DCSS version 0.30.1-11-g7821555f0a (webtiles) character file.

Game seed: 14124183129671716631

1045 Heoruswealwe the Spear-Bearer (level 8, -18/82 HPs)
             Began as a Minotaur Fighter on Nov 13, 2023.
             Was an Initiate of Gozag.
             Demolished by a two-headed ogre
             ... wielding a +0 giant club
              (23 damage)
             ... in the Dungeon (Sprint IX: "|||||||||||||||||||||||||||||").
             The game lasted 00:03:06 (181 turns).

Heoruswealwe the Spear-Bearer (Minotaur Fighter)     Turns: 181, Time: 00:03:07

Health: -18/82     AC: 13    Str: 26    XL:     8   Next: 4%
Magic:  7/7        EV: 10    Int:  5    God:    Gozag
Gold:   0          SH:  0    Dex: 10    Spells: 7/7 levels left

rFire   x . .        b - +2 halberd "Vuzxied" {elec, rElec rF- rC+ rCorr}
rCold   + . .        (shield currently unavailable)
rNeg    . . .        c - +1 scale mail
rPois   .            (helmet restricted)
rElec   +            (no cloak)
rCorr   +            f - +0 pair of gloves
SInv    .            e - +0 pair of boots
Will    .....        (no amulet) Stlth
                     k - +3 ring of strength
HPRegen 0.33/turn    (no ring)
MPRegen 0.10/turn

%: no teleportation
@: gold aura
A: horns 2, retaliatory headbutt
a: Renounce Religion, Potion Petition, Call Merchant, Bribe Branch


You were in the Dungeon.
You worshipped Gozag.
Gozag was noncommittal.
You visited 1 branch

Inventory:

Hand Weapons
 a - a +0 trident
 b - the +2 halberd "Vuzxied" (weapon) {elec, rElec rF- rC+ rCorr}
   (You found it in the Dungeon)

   rF:        It makes you vulnerable to fire.
   rC:        It protects you from cold.
   rElec:     It insulates you from electricity.
   rCorr:     It protects you from acid and corrosion.
Armour
 c - a +1 scale mail (worn)
 d - a +0 buckler
 e - a +0 pair of boots (worn)
 f - a +0 pair of gloves (worn)
Jewellery
 k - a +3 ring of strength (left hand)
Wands
 h - a wand of roots (10)
Scrolls
 j - 2 scrolls of blinking
Potions
 g - a potion of haste
 i - a potion of berserk rage
 m - 2 potions of curing
 n - a potion of might


   Skills:
 + Level 11.2 Fighting
 * Level 14.8 Polearms
 + Level 11.2 Armour
 - Level 3.6 Shields


You had 7 spell levels left.
You didn't know any spells.
Your spell library was empty.

Dungeon Overview and Level Annotations

Branches:
Dungeon (1/1)

Altars:
Cheibriados
Dithmenos
Elyvilon
Fedhas
Gozag
Hepliaklqana
Kikubaaqudgha
Makhleb
Nemelex Xobeh
Okawaru
Qazlal
Ru
Sif Muna
Trog
Uskayaw
Vehumet
Wu Jian
Xom
Yredelemnul
Zin
The Shining One
Jiyva
Lugonu


Innate Abilities, Weirdness & Mutations

You have a pair of horns on your head.
You reflexively headbutt those who attack you in melee.


Message History

The orc warrior hits you with a +0 trident!
* * * LOW HITPOINT WARNING * * *
You feel better.
The orc warrior is no longer distracted by gold.
The troll is no longer distracted by gold.
The orc warrior hits you with a +0 trident!
* * * LOW HITPOINT WARNING * * *
You feel better. The orc warrior closely misses you. You furiously retaliate!
You headbutt the orc warrior. You barely miss the orc warrior.
Your headbutt misses the orc warrior.
The orc warrior is almost dead.
You closely miss the orc warrior.
The orc warrior is almost dead.
The orc warrior hits you but does no damage.
You hit the orc warrior.
You kill the orc warrior!
Your Polearms skill increases to level 14!
You feel better. The troll bites you but does no damage.
The troll barely misses you. The troll claws you.
* * * LOW HITPOINT WARNING * * *
You slice the troll!!
The troll is almost dead.
The troll bites you!
* * * LOW HITPOINT WARNING * * *
The troll claws you but does no damage. The troll barely misses you.
You impale the troll!!
You kill the troll!
Your Fighting skill increases to level 11!
Your Armour skill increases to level 11!
You have reached level 8!
You feel agile.
You barely miss the two-headed ogre. You headbutt the two-headed ogre!
The two-headed ogre is lightly wounded.
You impale the two-headed ogre!!
The two-headed ogre is heavily wounded.
The two-headed ogre hits you with a +0 giant club.
* * * LOW HITPOINT WARNING * * *
The two-headed ogre hits you with a +0 giant spiked club!!
You die...
Your body crumbles into a pile of gold.

▓.▓
$
▓.▓
$
▓.▓
$ $
▓.▓
$
▓o▓
$
▓.▓
▓O▓
$ $
▓@▓
▓.▓
$
▓.▓
▓.▓
$
▓=▓
▓[▓
$
▓)▓
$
▓?▓
$
▓!▓
$


You could see a two-headed ogre and an orc warrior.

Vanquished Creatures
  A two-headed ogre (D)
  A troll (D)
  2 orc warriors (D)
  An iguana (D)
  An adder (D)
  An ufetubus (D)
  An orc (D)
  2 endoplasms (D)
  A giant cockroach (D)
  2 hobgoblins (D)
  A jackal (D)
14 creatures vanquished.

Notes
Turn   | Place    | Note
-------+----------+-------------------------------------------
     0 | D        | Heoruswealwe the Minotaur Fighter began the quest for the
                  | Orb.
     0 | D        | Reached XP level 1. HP: 19/19 MP: 0/0
     6 | D        | Reached skill level 3 in Polearms
    14 | D        | Reached skill level 4 in Polearms
    25 | D        | Noticed an iguana
    30 | D        | Reached XP level 2. HP: 28/28 MP: 1/1
    38 | D        | Reached skill level 5 in Polearms
    50 | D        | Reached skill level 5 in Fighting
    50 | D        | Reached skill level 6 in Polearms
    50 | D        | Reached skill level 5 in Armour
    50 | D        | Reached XP level 3. HP: 10/36 MP: 2/2
    57 | D        | Found a snail-covered altar of Cheibriados.
    57 | D        | Found a shadowy altar of Dithmenos.
    57 | D        | Found a white marble altar of Elyvilon.
    57 | D        | Found a blossoming altar of Fedhas.
    57 | D        | Found an opulent altar of Gozag.
    58 | D        | Found a hazy altar of Hepliaklqana.
    59 | D        | Found a viscous altar of Jiyva.
    60 | D        | Found an ancient bone altar of Kikubaaqudgha.
    61 | D        | Found a corrupted altar of Lugonu.
    62 | D        | Found a burning altar of Makhleb.
    63 | D        | Found a sparkling altar of Nemelex Xobeh.
    64 | D        | Found an iron altar of Okawaru.
    65 | D        | Became a worshipper of Gozag Ym Sagoz the Greedy
    66 | D        | Found a stormy altar of Qazlal.
    67 | D        | Found a sacrificial altar of Ru.
    68 | D        | Found a shimmering blue altar of Sif Muna.
    69 | D        | Found a bloodstained altar of Trog.
    70 | D        | Found a hide-covered altar of Uskayaw.
    71 | D        | Found a radiant altar of Vehumet.
    72 | D        | Found an ornate altar of the Wu Jian Council.
    73 | D        | Found a shimmering altar of Xom.
    74 | D        | Found a basalt altar of Yredelemnul.
    75 | D        | Found a glowing silver altar of Zin.
    76 | D        | Found a glowing golden altar of the Shining One.
    92 | D        | Got the +2 halberd "Vuzxied" {elec, rElec rF- rC+ rCorr}
   151 | D        | Noticed an orc warrior
   151 | D        | Noticed a two-headed ogre
   151 | D        | Noticed a troll
   151 | D        | Noticed a two-headed ogre
   151 | D        | Noticed an orc warrior
   151 | D        | Noticed an orc warrior
   165 | D        | Killed a two-headed ogre
   166 | D        | Reached skill level 10 in Fighting
   166 | D        | Reached skill level 13 in Polearms
   166 | D        | Reached skill level 10 in Armour
   166 | D        | Reached XP level 4. HP: 28/51 MP: 3/3
   166 | D        | Reached XP level 5. HP: 32/58 MP: 4/4
   166 | D        | Reached XP level 6. HP: 37/66 MP: 5/5
   166 | D        | Reached XP level 7. HP: 40/72 MP: 6/6
   177 | D        | Reached skill level 14 in Polearms
   179 | D        | Killed a troll
   180 | D        | Reached XP level 8. HP: 10/82 MP: 7/7
   181 | D        | Demolished by a two-headed ogre

Illustrated notes

Levels and vault maps discovered:
D:        linesprint [early_d, line_temple, items_1, d_10, items_2, lair_1,
          lair_end, items_3, orc_1, orc_end, items_4, d_15, swamp_1, shoals_1,
          snake_1, spider_1, d_20, vaults_1, items_5, swamp_end, shoals_end,
          snake_end, spider_end, vaults_end, d_27, items_6, zot_1, zot_end,
          crypt_end, forest_end, elf_end, slime_end, tomb_end, abyss_end,
          pan_hell_end]

Skill      XL: |  1  2  3  4  5  6  7 |
---------------+----------------------+-----
Polearms       | 4 6 13 14 | 14.8
Fighting       | 4 5 10 11 | 11.2
Armour         | 4 5 10 11 | 11.2
Shields        | |  3.6

Action                     |  1- 3 |  4- 6 |  7- 9 || total
---------------------------+-------+-------+-------++-------
  Melee: Trident           |    33 |       |       ||    33
         Headbutt          |     5 |       |     1 ||     6
         Halberd           |    11 |       |    11 ||    22
    Use: Potion            |     3 |       |     3 ||     6
 Armour: Scale mail        |    14 |       |     5 ||    19
  Dodge: Dodged            |    15 |       |     3 ||    18
  Block: Buckler           |     7 |       |       ||     7
